 Dungeon Crawl Stone Soup version 0.30-a0-743-gbfdf073431 (console) character file.

Game seed: 12801180610486540299

137 Ignak the Trooper (level 5, -2/54 HPs)
             Began as an Ogre Warper on Feb 8, 2023.
             Killed from afar by Dowan (9 damage)
             ... with a puff of frost
             ... on level 4 of the Dungeon.
             The game lasted 00:08:42 (4043 turns).

Ignak the Trooper (Ogre Warper)                     Turns: 4043, Time: 00:08:43

Health: -2/54      AC:  3    Str: 17    XL:     5   Next: 20%
Magic:  1/9        EV: 10    Int: 14    God:
Gold:   5          SH:  0    Dex: 11    Spells: 3/10 levels left

rFire   . . .      SeeInvis .    q - +5 scimitar "Mokaory" {protect, Dex+3}
rCold   . . .      Faith    .    (no shield)
rNeg    . . .      Spirit   .    k - +0 robe
rPois   .          Reflect  .    (helmet restricted)
rElec   .          Harm     .    (no cloak)
rCorr   .          Rampage  .    (gloves unavailable)
Will    .....                    (boots unavailable)
Stlth   +                        (no amulet)
HPRegen 0.29/turn                (no ring)
MPRegen 0.11/turn                (no ring)

@: very slightly contaminated
A: large, unfitting armour, tough skin 1
a: no special abilities


You were on level 4 of the Dungeon.
You visited 2 branches of the dungeon, and saw 5 of its levels.

You collected 140 gold pieces.
You spent 135 gold pieces at shops.

Inventory:

Hand Weapons
 b - a +2 sling of freezing
 n - a +0 war axe
 q - the +5 scimitar "Mokaory" (weapon) {protect, Dex+3}
   (You bought it in a shop on level 2 of the Dungeon)

   Dex:       It affects your dexterity (+3).
Missiles
 a - 2 boomerangs
 d - 7 boomerangs of dispersal (quivered)
Armour
 k - a +0 robe (worn)
Scrolls
 c - a scroll of blinking
 e - a scroll of poison
 g - a scroll of enchant weapon {unknown}
 h - a scroll of amnesia
 j - 2 scrolls of teleportation {unknown}
 o - a scroll of vulnerability {unknown}
 p - a scroll of fog {unknown}
Potions
 f - a potion of curing
 l - a potion of cancellation
 m - 2 potions of attraction {unknown}


   Skills:
 * Level 4.2 Fighting
 * Level 3.0 Axes
 - Level 1.0 Throwing
 + Level 0.7 Armour
 + Level 2.6 Dodging
 + Level 3.1 Spellcasting
 + Level 0.8 Conjurations
 - Level 3.0 Translocations


You had 3 spell levels left.
You knew the following spells:

 Your Spells              Type           Power      Damage    Failure   Level
a - Teleport Other        Tloc           10%        N/A       19%         3
b - Blink                 Tloc           20%        N/A       10%         2
t - Passwall              Tmut/Erth      1%         N/A       32%         2

Your spell library contained the following spells:

 Spells                   Type           Power      Damage    Failure   Level
 Lesser Beckoning         Tloc           20%        N/A       10%         2
 Ensorcelled Hibernation  Hex/Ice        4%         N/A       32%         2
 Sublimation of Blood     Necr           2%         N/A       32%         2
 Vhi's Electric Charge    Tloc/Air       12%        N/A       34%         3
 Swiftness                Air            2%         N/A       54%         3
 Manifold Assault         Tloc           10%        N/A       52%         4
 Petrify                  Tmut/Erth      2%         N/A       91%         4
 Freezing Cloud           Conj/Ice/Air   1%         6-21      99%         5
 Irradiate                Conj/Tmut      1%         3d12      99%         5
 Metabolic Englaciation   Hex/Ice        1%         N/A       99%         5
 Simulacrum               Ice/Necr       1%         N/A       100%        6


Dungeon Overview and Level Annotations

Branches:
Dungeon (4/15)             Temple (1/1) D:4

Altars:
Ashenzari
Cheibriados
Dithmenos
Gozag
Makhleb
Ru
Sif Muna
Uskayaw
Vehumet
Wu Jian
Xom
Yredelemnul
Zin

Shops:
D:2 (

Annotations:
D:4 Blork the orc, Dowan


Innate Abilities, Weirdness & Mutations

You are too large for most types of armour.
You have tough skin. (AC +1)


Message History

Confirm with . or Enter, or press ? or * to list all spells.
Aiming: Teleport Other (dangerous; 19% risk of failure)
Press: ? - help, Shift-Dir - straight line, f - Blork the orc
Aim: Blork the orc, wielding a +0 dire flail and wearing a +0 robe (chance to affect: 49%)
You miscast Teleport Other.
You are very lightly contaminated with residual magic.
Nothing appears to happen.
Casting: Teleport Other (dangerous; 19% risk of failure)
Confirm with . or Enter, or press ? or * to list all spells.
Aiming: Teleport Other (dangerous; 19% risk of failure)
Press: ? - help, Shift-Dir - straight line, f/p - Blork the orc
Aim: Blork the orc, wielding a +0 dire flail and wearing a +0 robe (chance to affect: 49%) Blork the orc resists with some effort.
You hear a zap.
You hear a grinding noise.
Casting: Teleport Other (dangerous; 19% risk of failure)
Confirm with . or Enter, or press ? or * to list all spells.
Aiming: Teleport Other (dangerous; 19% risk of failure)
Press: ? - help, Shift-Dir - straight line, f/p - Blork the orc
Aim: Blork the orc, wielding a +0 dire flail and wearing a +0 robe (chance to affect: 49%)
You miscast Teleport Other.
Nothing appears to happen.
Blork the orc hits you with a +0 dire flail!
You hit Blork the orc.
Your weapon exudes an aura of protection.
Blork the orc is lightly wounded.
Blork the orc frowns.
Blork the orc gestures at you while chanting.
The puff of frost hits you!
As you read the scroll of fear, it crumbles to dust.
You assume a fearsome visage.
Blork the orc looks frightened!
Dowan resists with some effort.
Press: ? - help, v - describe, . - travel
Here: Dowan, wielding a +0 dagger, wearing a +0 robe and carrying a wand of digging (2) Some shallow water.
Dowan says, "My weaknesses are her strengths!"
Dowan points at you and mumbles some strange words.
The puff of flame hits you!
* * * LOW HITPOINT WARNING * * *
Dowan gestures at you while chanting. The puff of frost hits you!
You die...

..#.......####~~#.#~~#).#
..#........# #~~#..~#..#
..#......[## #~~#.#~...#
..##......# #o#..#~#..#
..##......# ##~...e....#
..........# #~~#....[..#
..........###~~#.......#
..........##~~#.#......#
..........#~~~#+@......#
..........#.~###.......#
..........#.~# #.......#
#########'#.#####'######
...................
....<...............
....................
.....................
...................


You could see Dowan.

Vanquished Creatures
  A scorpion (D:4)
  A white imp (D:4)
  A worm (D:2)
  An orc (D:3)
  11 ball pythons
  6 bats
  6 endoplasms
  4 giant cockroaches
  7 goblins
  4 hobgoblins
  6 jackals (D:3)
  2 quokkas
  6 frilled lizards
  4 kobolds
  8 rats
68 creatures vanquished.

Notes
Turn   | Place    | Note
-------+----------+-------------------------------------------
     0 | D:1      | Ignak the Ogre Warper began the quest for the Orb.
     0 | D:1      | Reached XP level 1. HP: 22/22 MP: 3/3
    94 | D:1      | Reached XP level 2. HP: 29/29 MP: 5/5
    98 | D:1      | Learned a level 2 spell: Blink
   113 | D:1      | Reached skill level 3 in Fighting
   280 | D:1      | Learned a level 2 spell: Passwall
   394 | D:1      | Found a faded altar of an unknown god.
   460 | D:1      | Got the Octavo of Congelation
   559 | D:1      | Reached XP level 3. HP: 37/37 MP: 6/6
  1457 | D:2      | Found Asein's Antique Weapon Shoppe.
  1985 | D:3      | Reached XP level 4. HP: 31/48 MP: 8/8
  2791 | D:3      | Found a burning altar of Makhleb.
  2904 | D:3      | Found a sacrificial altar of Ru.
  3059 | D:4      | Noticed Blork the orc
  3238 | D:4      | Found a staircase to the Ecumenical Temple.
  3250 | Temple   | Entered the Ecumenical Temple
  3497 | D:4      | Found a shadowy altar of Dithmenos.
  3517 | D:4      | Noticed a scorpion
  3524 | D:4      | Killed a scorpion
  3525 | D:4      | Reached skill level 4 in Fighting
  3525 | D:4      | Reached XP level 5. HP: 23/54 MP: 9/9
  3687 | D:4      | Learned a level 3 spell: Teleport Other
  3831 | D:2      | Bought a warped scimitar for 135 gold pieces
  3831 | D:2      | Identified the +5 scimitar "Mokaory" {protect, Dex+3} (You
                  | bought it in a shop on level 2 of the Dungeon)
  3995 | D:4      | Noticed Dowan
  4043 | D:4      | Killed from afar by Dowan

Illustrated notes

Levels and vault maps discovered:
D:1:      dpeg_arrival_subterranean_lakeside_camping, layout_loops_ring,
          ebering_ecumenical_altar_hall
D:2:      layout_loops_cross, serial_shops, nicolae_lakefront_shop
D:3:      layout_basic, mainiacjoe_overflow_surrounded_room,
          mainiacjoe_overflow_alcove_1
D:4:      layout_gridville, nicolae_dithmenos_the_darkroom, temple_statues,
          serial_rivers, chequers_serial_rivers_large_a,
          chequers_serial_rivers_micro_b, chequers_serial_rivers_small_3,
          chequers_serial_rivers_large_b, chequers_serial_rivers_micro_b,
          chequers_serial_rivers_room_a, uniq_blork_the_orc, uniq_duvessa,
          uniq_ijyb
Temple:   jpeg_temple_alley_garden

Skill      XL: |  1  2  3  4  5 |
---------------+----------------+-----
Fighting       | 3 4 |  4.2
Spellcasting   | 3 |  3.1
Translocations | 3 |  3.0
Axes           | 3 |  3.0
Throwing       | |  1.0
Armour         | |  0.7
Dodging        | |  2.6
Conjurations   | |  0.8

Action                     |  1- 3 |  4- 6 || total
---------------------------+-------+-------++-------
  Melee: Hand axe          |   171 |    23 ||   194
         Punch             |     1 |     1 ||     2
         War axe           |       |    23 ||    23
         Scimitar          |       |     7 ||     7
   Fire: Sling             |     5 |       ||     5
   Cast: Passwall          |       |     3 ||     3
         Teleport Other    |       |     1 ||     1
    Use: Scroll            |     4 |     2 ||     6
         Potion            |       |     1 ||     1
 Armour: Robe              |    49 |    32 ||    81
  Dodge: Dodged            |    97 |    38 ||   135

Table legend: (Time is in decaauts)
 A = Elapsed time spent in this place.
 B = Non-inter-level travel time spent in this place.
 C = Inter-level travel time spent in this place.
 D = Time resting spent in this place.
 E = Time spent auto-exploring this place.
 F = Levels seen in this place.
 G = Mean time per level.
                   A        B        C        D        E       F      G
               +--------+--------+--------+--------+--------+-----+--------+
         Total |   4092 |   3825 |    267 |    386 |   2351 |   5 |  818.4 |
       Dungeon |   3847 |   3634 |    213 |    386 |   2196 |   4 |  961.8 |
        Temple |    244 |    190 |     54 |      0 |    155 |   1 |  244.0 |
               +--------+--------+--------+--------+--------+-----+--------+

Top non-repeatable levels by time:
     D:3: 1329 daAuts
     D:1: 1045 daAuts
     D:2: 923 daAuts
     D:4: 548 daAuts
  Temple: 244 daAuts
